 Dungeon Crawl Stone Soup version 0.24.0-123-gd5b16e6ec5 (webtiles) character file.

Game seed: 4517148804667549764, levelgen mode: deterministic

9909 Norian the Thaumaturge (level 11, -14/60 HPs)
             Began as a Deep Elf Conjurer on Dec 20, 2019.
             Was an Elder of Vehumet.
             Hit by a large rock thrown by a cyclops (26 damage)
             ... on level 11 of the Dungeon.
             The game lasted 00:31:35 (12104 turns).

Norian the Thaumaturge (Deep Elf Conjurer)         Turns: 12104, Time: 00:31:36

Health: -14/60     AC: 10    Str:  8    XL:     11   Next: 29%
Magic:  19/30      EV: 15    Int: 21    God:    Vehumet [****..]
Gold:   627        SH:  0    Dex: 18    Spells: 27/36 levels left

rFire    . . .     SeeInvis .   o - +4 quarterstaff (chaos)
rCold    + . .     Gourm    .   (shield currently unavailable)
rNeg     . . .     Faith    .   y - +3 leather armour {rC+}
rPois    +         Spirit   .   (no helmet)
rElec    .         Reflect  .   r - +0 cloak
rCorr    .         Harm     .   J - +0 pair of gloves
MR       +....                  i - +0 pair of boots
Stlth    ++........             G - amulet of regeneration
HPRegen  0.60/turn              h - +3 ring of dexterity
MPRegen  0.22/turn              p - ring of poison resistance

@: no status effects
A: no striking features
a: Renounce Religion


You were on level 11 of the Dungeon.
You worshipped Vehumet.
Vehumet was greatly pleased with you.
You were not hungry.

You visited 2 branches of the dungeon, and saw 12 of its levels.

You collected 627 gold pieces.

Inventory:

Hand Weapons
 o - a +4 quarterstaff of chaos (weapon)
Armour
 i - a +0 pair of boots (worn)
 r - a +0 cloak (worn)
 u - a +0 robe of fire resistance
 y - a +3 leather armour of cold resistance (worn)
 J - a +0 pair of gloves (worn)
Jewellery
 h - a +3 ring of dexterity (left hand)
 p - a ring of poison resistance (right hand)
 G - an amulet of regeneration (around neck)
Wands
 a - a wand of disintegration (8)
 s - a wand of enslavement (7)
 x - a wand of random effects (14)
 z - a wand of polymorph (8)
 D - a wand of flame (28)
 E - a wand of iceblast (5)
 I - a wand of acid (6)
Scrolls
 d - 9 scrolls of identify
 e - a scroll of blinking {unknown}
 f - 2 scrolls of enchant weapon
 g - 2 scrolls of enchant armour
 j - a scroll of magic mapping {unknown}
 m - 5 scrolls of remove curse
 q - a scroll of teleportation
 w - 2 scrolls of noise {unknown}
 B - a scroll of fog {unknown}
 C - a scroll of fear {unknown}
 F - a scroll of random uselessness {unknown}
 H - a scroll of summoning {unknown}
 K - a scroll of acquirement {unknown}
 L - a scroll of amnesia {unknown}
 R - a scroll of vulnerability {unknown}
Potions
 b - 2 potions of curing
 k - a potion of invisibility {unknown}
 l - a potion of mutation {unknown}
 n - a potion of might {unknown}
 t - a potion of degeneration {unknown}
 v - a potion of brilliance {unknown}
 A - a potion of magic {unknown}
 M - a potion of lignification {unknown}
 N - a potion of haste
 O - a potion of agility {unknown}
 P - a potion of flight {unknown}
 Q - a potion of berserk rage {unknown}
Comestibles
 c - 21 rations


   Skills:
 + Level 3.5 Fighting
 - Level 5.3 Armour
 - Level 5.0 Dodging
 - Level 2.4 Stealth
 + Level 13.3 Spellcasting
 + Level 12.0 Conjurations
 - Level 6.3 Hexes


You had 27 spell levels left.
You knew the following spells:

 Your Spells              Type           Power        Failure   Level  Hunger
a - Magic Dart            Conj           ####         1%          1    None
b - Iskenderun's Mystic   Conj           ######..     1%          4    None
c - Fulminant Prism       Conj/Hex       ######....   1%          4    None

Your spell library contained the following spells:

 Spells                   Type           Power        Failure   Level  Hunger
 Venom Bolt               Conj/Pois      #####.....   4%          5    ###....
 Confusing Touch          Hex            #####.       1%          1    None
 Searing Ray              Conj           ######       1%          2    None
 Confuse                  Hex            #####...     1%          3    None
 Dazzling Spray           Conj/Hex       ######       1%          3    None
 Force Lance              Conj/Tloc      #####...     1%          4    None
 Yara's Violent Unravell  Hex/Tmut       ####......   13%         5    ###....
 Gell's Gravitas          Tloc           ##........   19%         3    None
 Metabolic Englaciation   Hex/Ice        ####......   43%         5    ###....
 Petrify                  Tmut/Erth      ##......     52%         4    None


Dungeon Overview and Level Annotations

Branches:
Dungeon (11/15)            Temple (1/1) D:4
   Lair: D:8-11         Orc: D:9-12

Altars:
Ashenzari
Cheibriados
Dithmenos
Elyvilon
Fedhas
Gozag
Hepliaklqana
Kikubaaqudgha
Makhleb
Nemelex Xobeh
Okawaru
Qazlal
Ru
Sif Muna
Trog
Uskayaw
Vehumet
Wu Jian
Xom
Yredelemnul
Zin
The Shining One
Beogh

Shops:
D:7 *

Annotations:
D:4 1 runed translucent door, Sondor's ghost, amateur DsFi
D:11 Erica; Harold


Message History

The centaur warrior zombie is moderately damaged.
The orb of energy explodes!
The centaur warrior zombie hits you.
The centaur warrior zombie hits you but does no damage.
Casting: Iskenderun's Mystic Blast (safe; 1% risk of failure)
Confirm with . or Enter, or press ? or * to list all spells.
Aiming: Iskenderun's Mystic Blast (safe; 1% risk of failure)
Press: ? - help, Shift-Dir - straight line, f/p - centaur warrior zombie
Aim: a centaur warrior zombie (moderately damaged)
The orb of energy hits the centaur warrior zombie!
The centaur warrior zombie is heavily damaged.
The orb of energy explodes!
The cyclops throws a large rock.
The large rock hits you!!
* * * LOW HITPOINT WARNING * * *
The centaur warrior zombie hits you.
* * * LOW HITPOINT WARNING * * *
You feel better.
Your surroundings suddenly seem different.
There is a stone staircase leading up here.
The cyclops throws a large rock.
The large rock hits you!!
You die...

#....... '........
##......######...####.#
#......................
##..........#...<.......
#.......................
#.#.........#...........
#.#.........#######.....
#.#............# .....
#.#.........@..# ..##
#.#............##. ...
#@#............... ..#
#.(....C####........
#..Z....'........###
##......#C......#..
#(.....#.........#.
#.......(.......##
#.............#..


You could see a cyclops.

Vanquished Creatures
  2 two-headed ogres (D:9)
  Maurice (D:8)
  A gargoyle (D:10)
  A troll (D:9)
  3 hippogriffs
  4 hogs (D:7)
  A human (D:7)
  3 hungry ghosts
  Duvessa (D:7)
  3 sky beasts
  A black bear (D:7)
  6 orc warriors
  A hornet zombie (D:10)
  A phantom (D:6)
  3 necrophages
  9 ogres
  5 centaurs
  A big kobold (D:10)
  5 bullfrogs
  Dowan (D:7)
  4 scorpions (D:8)
  3 wights (D:10)
  6 killer bees (D:7)
  6 howler monkeys
  2 crimson imps (D:5)
  4 jellies
  2 bullfrog zombies
  4 bullfrog skeletons
  2 hounds
  2 centaur skeletons
  12 orc wizards
  6 orc priests
  The ghost of Descartes the Scratcher, a weakling FeTm (D:3)
  2 gnoll shamans
  Crazy Yiuf (D:4)
  Terence (D:2)
  Ijyb (D:4)
  3 iguanas
  5 worker ants
  A hound zombie (D:3)
  3 hound skeletons
  A mummy (D:7)
  2 howler monkey skeletons
  3 worker ant zombies
  45 gnolls
  22 adders
  2 shadow imps
  3 adder skeletons
  A worm (D:5)
  51 orcs
  A ball python (D:3)
  8 giant cockroaches
  10 goblins
  7 hobgoblins
  32 jackals
  6 quokkas
  11 bats
  4 frilled lizards
  2 jackal zombies (D:5)
  13 kobolds
  2 leopard gecko skeletons
  A leopard gecko zombie (D:6)
  A quokka skeleton (D:8)
  11 rats
363 creatures vanquished.

Vanquished Creatures (others)
  An orc priest (D:8)
  2 orcs (D:8)
  71 fulminant prisms
74 creatures vanquished.

Grand Total: 437 creatures vanquished

Notes
Turn   | Place    | Note
-------+----------+-------------------------------------------
     0 | D:1      | Norian the Deep Elf Conjurer began the quest for the Orb.
     0 | D:1      | Reached XP level 1. HP: 10/10 MP: 6/6
   214 | D:1      | Reached XP level 2. HP: 15/15 MP: 5/8
   883 | D:2      | Reached skill level 4 in Spellcasting
   883 | D:2      | Reached skill level 5 in Conjurations
   883 | D:2      | Reached XP level 3. HP: 19/19 MP: 4/10
  1117 | D:2      | Reached XP level 4. HP: 24/24 MP: 4/12
  1124 | D:2      | Learned a level 4 spell: Iskenderun's Mystic Blast
  1129 | D:2      | Learned a level 4 spell: Fulminant Prism
  1364 | D:2      | Found an iron altar of Okawaru.
  1398 | D:2      | Reached skill level 1 in Hexes
  1648 | D:2      | Reached skill level 5 in Spellcasting
  1658 | D:2      | Noticed Terence
  1734 | D:2      | Killed Terence
  1886 | D:3      | Reached XP level 5. HP: 28/28 MP: 9/14
  2015 | D:3      | Found an ornate altar of the Wu Jian Council.
  2424 | D:3      | Found a runed translucent gate.
  2424 | D:3      | Found a runed translucent gate.
  2424 | D:3      | Found a runed translucent gate.
  2424 | D:3      | Noticed Descartes's ghost (weakling FeTm)
  2865 | D:3      | Killed Descartes's ghost
  2924 | D:3      | Reached XP level 6. HP: 11/32 MP: 0/16
  3119 | D:4      | Found a runed translucent door.
  3120 | D:4      | Noticed Crazy Yiuf
  3124 | D:4      | Killed Crazy Yiuf
  3150 | D:4      | Noticed Ijyb
  3153 | D:4      | Killed Ijyb
  3153 | D:4      | Reached skill level 6 in Spellcasting
  3300 | D:4      | Found a runed translucent door.
  3301 | D:4      | Noticed Sondor's ghost (amateur DsFi)
  3316 | D:4      | Reached XP level 7. HP: 33/36 MP: 4/19
  3448 | D:4      | Found a sacrificial altar of Ru.
  3681 | D:4      | Found a staircase to the Ecumenical Temple.
  3690 | Temple   | Entered the Ecumenical Temple
  3732 | Temple   | Became a worshipper of Vehumet
  3814 | D:4      | Found a glowing drain.
  3843 | D:4      | Reached skill level 7 in Spellcasting
  3843 | D:4      | Reached skill level 5 in Hexes
  4402 | D:5      | Entered Level 5 of the Dungeon
  4742 | D:5      | Found a shimmering altar of Xom.
  4949 | D:5      | Found a glowing silver altar of Zin.
  4951 | D:5      | Found a burning altar of Makhleb.
  4952 | D:5      | Noticed an angel
  4954 | D:5      | Noticed a balrug
  4990 | D:5      | Reached XP level 8. HP: 25/41 MP: 16/21
  5102 | D:5      | Reached skill level 8 in Spellcasting
  5156 | D:5      | Reached * piety under Vehumet
  5156 | D:5      | Offered knowledge of Shock by Vehumet.
  6107 | D:5      | Identified the cursed +0 scythe of Hath {freeze, rPois
                  | Str+5 Int-4}
  6199 | D:5      | Offered knowledge of Sting by Vehumet.
  6199 | D:5      | Reached ** piety under Vehumet
  6202 | D:5      | Reached skill level 9 in Spellcasting
  6542 | D:6      | Reached skill level 5 in Dodging
  6598 | D:6      | Found a stormy altar of Qazlal.
  6887 | D:6      | Reached skill level 1 in Armour
  6887 | D:6      | Reached XP level 9. HP: 45/45 MP: 11/24
  7417 | D:6      | Offered knowledge of Stone Arrow by Vehumet.
  7612 | D:7      | Reached skill level 10 in Spellcasting
  7651 | D:7      | Reached *** piety under Vehumet
  7796 | D:7      | Found Gozag's Platinum Reserve.
  7796 | D:7      | Found an opulent altar of Gozag.
  7844 | D:7      | Found a shattered altar of Ashenzari.
  8425 | D:7      | Noticed Dowan
  8426 | D:7      | Noticed Duvessa
  8436 | D:7      | Killed Duvessa
  8436 | D:7      | Reached skill level 10 in Conjurations
  8436 | D:7      | Killed Dowan
  8436 | D:7      | Reached skill level 11 in Spellcasting
  8611 | D:7      | Found a snail-covered altar of Cheibriados.
  8686 | D:7      | Offered knowledge of Olgreb's Toxic Radiance by Vehumet.
  8686 | D:7      | Reached XP level 10. HP: 50/50 MP: 18/27
  8800 | D:7      | Found a basalt altar of Yredelemnul.
  8850 | D:7      | Found a sparkling altar of Nemelex Xobeh.
  9169 | D:8      | Reached **** piety under Vehumet
  9202 | D:8      | Offered knowledge of Irradiate by Vehumet.
  9228 | D:8      | Noticed Maurice
  9248 | D:8      | Killed Maurice
  9390 | D:8      | Reached skill level 5 in Armour
  9434 | D:8      | You fall into a shaft and drop 3 floors!
  9452 | D:11     | Reached skill level 12 in Spellcasting
  9466 | D:11     | Noticed a cyclops
  9469 | D:10     | Entered Level 10 of the Dungeon
  9841 | D:9      | Reached ***** piety under Vehumet
  9850 | D:9      | Reached skill level 1 in Fighting
  9891 | D:9      | Offered knowledge of Venom Bolt by Vehumet.
  9940 | D:9      | Noticed a two-headed ogre
 10048 | D:9      | Noticed a two-headed ogre
 10053 | D:9      | Killed a two-headed ogre
 10206 | D:9      | Found an ancient bone altar of Kikubaaqudgha.
 10206 | D:9      | Found a hazy altar of Hepliaklqana.
 10302 | D:9      | Killed a two-headed ogre
 10302 | D:9      | Reached XP level 11. HP: 59/59 MP: 11/29
 10317 | D:9      | Reached skill level 13 in Spellcasting
 10978 | D:8      | Found a roughly hewn altar of Beogh.
 12087 | D:11     | Noticed Erica
 12095 | D:11     | Noticed Harold
 12100 | D:11     | HP: 3/60 [centaur warrior zombie (2)]
 12104 | D:11     | Hit by a large rock thrown by a cyclops

Levels and vault maps discovered:
D:1:      minmay_arrival_loop, layout_basic
D:2:      layout_loops_ring, kennysheep_okawaru_gauntlet,
          kennysheep_generic_room_13, uniq_terence
D:3:      layout_loops_corners, lemuel_doored_altar, gammafunk_ghost_necromancy,
          minmay_misc_feat_tiny
D:4:      layout_basic, nicolae_ru_great_annihilating_truth, temple_hall,
          gup_sewer_entry_glass, hellmonk_ghost_happy_afterlife, first_ration,
          uniq_ijyb, uniq_crazy_yiuf_cottage
D:5:      lemuel_castle_with_subvaults [lemuel_castle_interior_carwin_1],
          layout_basic, grunt_temple_overflow_order_and_chaos_2,
          xom_teletrap_fun, chequers_serial_rivers_micro_b
D:6:      layout_basic, general_overflow_altar
D:7:      layout_loops_corners, ashenzari_conservatory_becter,
          nemelex_xobeh_ov_fountains_minmay, nicolae_gozag_zags_fifth_avenue,
          yredelemnul_altar_generic, grunt_livestock, kennysheep_doodads,
          chei_slow_surprise, uniq_duvessa
D:8:      layout_cave_pools, special_room [special_room_orc],
          lemuel_flame_loot_1, uniq_maurice
D:9:      layout_gridville, amethyst_overflow_temple_binary, minmay_orc_keep
D:10:     layout_cave_pods
D:11:     layout_basic, dpeg_oklobed_lair, dk_vineyard_1, uniq_harold,
          uniq_erica
Temple:   jpeg_temple_island

Skill      XL: |  1  2  3  4  5  6  7  8  9 10 11 |
---------------+----------------------------------+-----
Spellcasting   | 4 5 6 7 9 11 12 13 | 13.3
Conjurations   | 5 6 7 8 10 11 12 | 12.0
Hexes          | 1 3 4 6 |  6.3
Dodging        | 5 |  5.0
Armour         | 1 4 5 |  5.3
Fighting       | 2 3 |  3.5
Stealth        | |  2.4

Action                   |  1- 3 |  4- 6 |  7- 9 | 10-12 || total
-------------------------+-------+-------+-------+-------++-------
Melee: Unarmed           |     6 |       |       |       ||     6
       Quarterstaff      |       |    10 |    46 |    39 ||    95
 Cast: Magic Dart        |    63 |    63 |   284 |   149 ||   559
       Iskenderun's Myst |       |     9 |    39 |    40 ||    88
       Fulminant Prism   |       |     8 |    27 |    36 ||    71
Evoke: Wand              |       |       |     6 |    23 ||    29
  Use: Potion            |       |       |     3 |     3 ||     6
       Scroll            |       |       |       |     7 ||     7
  Eat: Chunk             |       |     6 |    17 |     8 ||    31
       Ration            |       |     1 |     1 |     1 ||     3
Armor: Robe              |     2 |     2 |    27 |       ||    31
       Leather armour    |       |       |     7 |    28 ||    35
Dodge: Dodged            |     6 |    24 |   136 |    93 ||   259
